Map: Waterfall

Players

Maplez - Winner!

  • Race: Protoss Protoss
  • Spawn Location: 1:00

Creature

  • Race: Protoss Protoss
  • Spawn Location: 7:00

Event: DreamHack SC2 Masters 2022 Atlanta (Offline)

VOD

Have the link to the VOD?

Description

Time

  • Played on: Nov. 18, 2022, 2:06 p.m.
  • Length: 7:17

All games in this series

Show
View Real Time Build Order
Export as new Build Order

Maplez Protoss - Winner!

Build Orders: Oracle Opening 

Get SALT Encoding   

  12  0:00  Probe  
  13  0:12  Probe  
  14  0:18  Pylon  
  14  0:24  Probe (Chrono Boost)  
  15  0:38  Gateway, Probe (Chrono Boost)  
  16  0:43  Probe (Chrono Boost)  
  16  0:47  Assimilator  
  17  0:54  Probe  
  17  0:56  Assimilator  
  18  1:06  Probe  
  19  1:11  Gateway  
  19  1:18  Probe  
  19  1:25  Cybernetics Core  
  20  1:32  Probe  
  21  1:40  Pylon  
  23  1:58  Probe  
  22  2:01  Stargate  
  22  2:03  Adept x2 (Chrono Boost)  
  26  2:10  Probe  
  27  2:18  Warp Gate  
  27  2:44  Oracle (Chrono Boost)  
  27  2:51  Nexus  
  30  2:53  Probe  
  31  3:01  Pylon  
  31  3:19  Oracle (Chrono Boost), Probe  
  35  3:31  Shield Battery, Probe  
  35  3:32  Pylon  
  36  3:43  Probe  
  37  3:51  Twilight Council  
  37  3:55  Probe  
  38  4:08  Probe (Chrono Boost)  
  40  4:10  Probe (Chrono Boost), Stalker x2  
  44  4:19  Probe (Chrono Boost)  
  44  4:23  Probe (Chrono Boost)  
  46  4:24  Probe (Chrono Boost)  
  46  4:28  Gateway  
  46  4:29  Blink (Chrono Boost)  
  47  4:31  Probe  
  48  4:40  Probe  
  48  4:43  Probe  
  50  4:49  Pylon  
  50  4:53  Probe  
  50  4:55  Probe  
  50  4:57  Gateway  
  50  4:59  Stalker  
  54  5:13  Probe, Stalker  
  54  5:14  Probe  
  55  5:21  Gateway  
  55  5:25  Probe  
  55  5:26  Probe, Assimilator  
  57  5:28  Stalker  
  57  5:29  Stalker  
  61  5:36  Robotics Facility  
  61  5:37  Probe  
  61  5:39  Pylon  
  61  5:41  Probe  
  63  5:53  Stalker x2, Pylon  
  67  6:03  Stalker x2  
  72  6:08  Pylon  
  71  6:18  Stalker  
  71  6:19  Stalker x2  
  69  6:40  Nexus  
  67  6:47  Stalker x3  
  67  6:48  Stalker  
  73  6:59  Stalker  
  73  7:03  Probe  
  73  7:04  Forge  
  72  7:12  Stalker x4  
Show
View Real Time Build Order
Export as new Build Order

Creature Protoss 

Build Orders: 1 Gate Expand, Phoenix Opening 

Get SALT Encoding   

  12  0:00  Probe  
  13  0:12  Probe  
  14  0:18  Pylon  
  14  0:24  Probe (Chrono Boost)  
  15  0:36  Probe (Chrono Boost)  
  15  0:39  Gateway  
  16  0:45  Probe (Chrono Boost)  
  16  0:47  Assimilator  
  17  0:51  Probe  
  18  1:03  Probe  
  20  1:21  Nexus  
  19  1:27  Probe  
  20  1:35  Cybernetics Core  
  20  1:43  Probe, Assimilator  
  21  1:51  Pylon  
  21  1:55  Probe (Chrono Boost)  
  22  2:07  Probe (Chrono Boost)  
  24  2:15  Stargate  
  24  2:16  Probe (Chrono Boost)  
  24  2:21  Probe  
  24  2:22  Stalker (Chrono Boost)  
  27  2:32  Shield Battery  
  27  2:36  Probe  
  28  2:38  Warp Gate  
  28  2:41  Probe  
  29  2:50  Probe  
  32  2:54  Probe  
  31  3:03  Probe  
  36  3:06  Void Ray (Chrono Boost)  
  36  3:08  Probe  
  36  3:11  Shield Battery  
  37  3:16  Probe  
  38  3:20  Stalker  
  38  3:21  Probe  
  41  3:27  Pylon  
  41  3:28  Probe  
  41  3:33  Probe  
  41  3:46  Probe  
  41  3:48  Phoenix (Chrono Boost)  
  41  3:52  Probe  
  44  3:58  Probe  
  44  4:00  Gateway  
  45  4:04  Probe  
  46  4:10  Probe  
  46  4:12  Twilight Council  
  46  4:16  Probe  
  48  4:21  Assimilator  
  48  4:23  Probe (Chrono Boost)  
  42  4:28  Probe (Chrono Boost)  
  43  4:35  Probe (Chrono Boost)  
  43  4:37  Forge  
  45  4:39  Stalker  
  45  4:40  Probe (Chrono Boost)  
  45  4:43  Probe (Chrono Boost)  
  45  4:45  Probe (Chrono Boost)  
  48  4:49  Probe  
  48  4:50  Blink (Chrono Boost)  
  50  4:55  Probe  
  51  5:01  Probe, Pylon  
  51  5:06  Stalker  
  54  5:18  Pylon  
  54  5:19  Probe x2, Assimilator  
  56  5:26  Pylon  
  56  5:28  Gateway  
  56  5:31  Probe, Gateway  
  57  5:38  Stalker x2  
  62  5:42  Probe  
  62  5:45  Probe  
  62  5:46  Pylon  
  63  5:52  Pylon  
  63  5:55  Probe  
  64  5:58  Gateway  
  64  6:05  Stalker  
  64  6:06  Stalker  
  64  6:10  Probe  
  69  6:25  Stalker x2  
  65  6:36  Stalker x2  
  55  6:48  Stalker x2  
  55  6:52  Stalker  
  57  6:59  Stalker x2  
  46  7:11  Stalker  
  46  7:12  Stalker  
Tags
 
Add a new tag
Caveats
  • Supply blocks, unpowered buildings, or Contaminate may cause inaccurate times.
  • Supply counts are checked every 10 seconds.